 Dungeon Crawl Stone Soup version 0.24.1-14-gf8d2b509d9 (webtiles) character file.

Game seed: 17767963077839639934, levelgen mode: deterministic

266 MenacingMecha the Skirmisher (level 6, -2/62 HPs)
             Began as an Ogre Arcane Marksman on May 22, 2020.
             Killed from afar by an orc wizard (6 damage)
             ... with a magic dart
             ... on level 3 of the Dungeon.
             The game lasted 00:09:49 (3564 turns).

MenacingMecha the Skirmisher (Ogre Arcane Marksman) Turns: 3564, Time: 00:09:50

Health: -2/62      AC:  3    Str: 17    XL:     6   Next: 20%
Magic:  7/7        EV: 10    Int: 14    God:
Gold:   76         SH:  0    Dex:  9    Spells: 6/7 levels left

rFire    + . .     SeeInvis .   m - +0 hand axe
rCold    . . .     Gourm    .   (no shield)
rNeg     . . .     Faith    .   a - +0 robe
rPois    .         Spirit   .   (helmet restricted)
rElec    .         Reflect  .   (no cloak)
rCorr    .         Harm     .   (gloves unavailable)
MR       .....                  (boots unavailable)
Stlth    +.........             (no amulet)
HPRegen  0.20/turn              q - ring of protection from fire
MPRegen  0.10/turn              (no ring)

@: no status effects
A: large, unfitting armour, tough skin 1
a: no special abilities


You were on level 3 of the Dungeon.
You were not hungry.

You visited 1 branch of the dungeon, and saw 3 of its levels.

You collected 76 gold pieces.

Inventory:

Hand Weapons
 m - a +0 hand axe (weapon)
Missiles
 b - 60 stones (quivered)
 d - 3 throwing nets
 k - 44 sling bullets
 u - 6 boomerangs
Armour
 a - a +0 robe (worn)
Jewellery
 q - a ring of protection from fire (left hand)
Scrolls
 j - 3 scrolls of remove curse
 l - a scroll of teleportation {unknown}
 n - a scroll of fear {unknown}
 w - a scroll of magic mapping {unknown}
 x - a scroll of identify {unknown}
Potions
 e - a potion of magic {unknown}
 g - a potion of lignification {unknown}
 h - 2 potions of curing {unknown}
 o - a potion of heal wounds {unknown}
 p - a potion of resistance {unknown}
 r - a potion of might {unknown}
 s - a potion of invisibility {unknown}
 t - a potion of haste {unknown}
 v - 2 potions of brilliance {unknown}
Comestibles
 f - 8 rations
 i - 5 chunks of flesh


   Skills:
 + Level 4.2 Fighting
 * Level 3.3 Axes
 + Level 4.0 Throwing
 - Level 1.7 Dodging
 - Level 1.2 Spellcasting
 - Level 2.6 Hexes


You had 6 spell levels left.
You knew the following spells:

 Your Spells              Type           Power        Failure   Level  Hunger
a - Corona                Hex            #......      9%          1    ##.....

Your spell library contained the following spells:

 Spells                   Type           Power        Failure   Level  Hunger
 Slow                     Hex            #.......     13%         2    ###....
 Inner Flame              Hex/Fire       #.......     41%         3    ####...
 Portal Projectile        Hex/Tloc       #.....       41%         3    ####...
 Cause Fear               Hex            #.........   65%         4    #####..
 Leda's Liquefaction      Hex/Erth       #.........   83%         4    #####..


Dungeon Overview and Level Annotations

Branches:
Dungeon (3/15)

Altars:
Qazlal


Innate Abilities, Weirdness & Mutations

You are too large for most types of armour.
You have tough skin. (AC +1)


Message History

The orc wizard seems to speed up.
You closely miss the orc wizard.
The orc wizard is heavily wounded.
You barely miss the orc. The orc hits you with a +0 falchion.
* * * LOW HITPOINT WARNING * * *
The orc wizard hits you with a +0 dagger.
* * * LOW HITPOINT WARNING * * *
Unknown command.
You miss the orc wizard.
The orc wizard is heavily wounded.
You closely miss the orc. The orc wizard closely misses you.
The orc barely misses you.
The orc wizard hits you with a +0 dagger.
* * * LOW HITPOINT WARNING * * *
Unknown command.
Okay, then.
Unknown command.
The orc wizard gestures at you while chanting.
The magic dart hits you.
You die...

#.........##########
.......#######.#.........
#.##############....#######.
#.......................# #.
...#########.###.)..###.###.
#.# ##...........
#####.####<#.###.##..
#...#.##....)# #.##..
#.#.@..#.###.###.##..
#.o.#....# #.........
##o###.#.###.######..
######.###.#.....# ######
#....(..##.###.#####...#
o§....#########.........#.#
####. ###..####...# ..
#....# ##.### #. ###..#
#....


You could see an orc wizard and an orc.

Vanquished Creatures
  An ice beast (D:3)
  Natasha (thrice) (D:2)
  4 gnolls (D:3)
  An adder (D:2)
  An ooze (D:2)
  3 worms
  A dart slug (D:1)
  A leopard gecko (D:2)
  A ball python (D:2)
  3 giant cockroaches
  6 goblins
  7 hobgoblins
  A quokka (D:2)
  5 bats
  6 frilled lizards
  4 kobolds
  2 rats (D:2)
50 creatures vanquished.

Notes
Turn   | Place    | Note
-------+----------+-------------------------------------------
     0 | D:1      | MenacingMecha the Ogre Arcane Marksman began the quest for
                  | the Orb.
     0 | D:1      | Reached XP level 1. HP: 19/19 MP: 2/2
   332 | D:1      | Reached XP level 2. HP: 28/28 MP: 3/3
   977 | D:2      | Reached XP level 3. HP: 25/36 MP: 4/4
  1096 | D:2      | Found a stormy altar of Qazlal.
  1686 | D:2      | Reached skill level 1 in Axes
  2153 | D:2      | Noticed Natasha
  2156 | D:2      | Killed Natasha
  2156 | D:2      | Reached XP level 4. HP: 34/45 MP: 5/5
  2295 | D:2      | Noticed Natasha
  2299 | D:2      | Killed Natasha
  2389 | D:2      | Found a stormy altar of Qazlal.
  2391 | D:2      | Noticed Natasha
  2392 | D:2      | Killed Natasha
  2392 | D:2      | Reached XP level 5. HP: 53/53 MP: 6/6
  2894 | D:3      | Noticed an ice beast
  2898 | D:3      | Killed an ice beast
  2989 | D:3      | Reached XP level 6. HP: 62/62 MP: 7/7
  3563 | D:3      | HP: 3/62 [orc wizard/+0 dagger (2)]
  3564 | D:3      | Killed from afar by an orc wizard

Levels and vault maps discovered:
D:1:      zaba_arrival_water, layout_basic
D:2:      minmay_spotlight, layout_loops_ring, first_ration,
          nicolae_qazlal_general_emergency, uniq_natasha
D:3:      minmay_wonky_spiral, layout_loops_ring,
          chequers_ecumenical_altar_simple_redux, dk_noncrumbling_3

Skill      XL: |  1  2  3  4  5  6 |
---------------+-------------------+-----
Fighting       | 2 3 4 |  4.2
Throwing       | 3 4 |  4.0
Axes           | 1 2 3 |  3.3
Dodging        | |  1.7
Spellcasting   | |  1.2
Hexes          | |  2.6

Action                   |  1- 3 |  4- 6 || total
-------------------------+-------+-------++-------
Melee: Unarmed           |     8 |       ||     8
       Mace              |    43 |       ||    43
       Club              |     3 |       ||     3
       Hand axe          |    66 |    31 ||    97
Throw: Stone             |   103 |    19 ||   122
       Large rock        |     7 |    16 ||    23
       Boomerang         |       |    11 ||    11
  Use: Scroll            |       |     1 ||     1
  Eat: Chunk             |     4 |     4 ||     8
Armor: Robe              |    51 |     8 ||    59
Dodge: Dodged            |    84 |    21 ||   105
